Map: Deathaura LE

Players

Neeb - Winner!

  • Race: Protoss Protoss
  • Spawn Location: 5:00

Cure

  • Race: Terran Terran
  • Spawn Location: 11:00

Event: IEM Katowice 2021

VOD

Have the link to the VOD?

Description

Time

  • Played on: Feb. 25, 2021, 10:20 a.m.
  • Length: 14:03

All games in this series

Show
View Real Time Build Order
Export as new Build Order

Neeb Protoss - Winner!

Build Orders: 1 Gate Expand, Phoenix Opening, Colossus Rush 

Get SALT Encoding   

  12  0:00  Probe  
  13  0:12  Probe  
  14  0:18  Pylon  
  14  0:24  Probe (Chrono Boost)  
  15  0:37  Probe (Chrono Boost), Gateway  
  16  0:44  Probe (Chrono Boost)  
  16  0:47  Assimilator  
  17  0:51  Probe  
  18  1:03  Probe  
  19  1:15  Probe  
  20  1:24  Cybernetics Core  
  20  1:27  Probe  
  21  1:40  Nexus  
  21  1:42  Pylon  
  21  1:44  Probe  
  22  1:52  Assimilator  
  22  1:56  Probe  
  22  1:59  Adept (Chrono Boost)  
  26  2:08  Probe  
  26  2:20  Probe  
  27  2:24  Stargate  
  27  2:26  Adept  
  29  2:32  Shield Battery, Probe  
  30  2:38  Warp Gate  
  30  2:44  Probe  
  30  2:45  Shield Battery  
  31  2:52  Probe (Chrono Boost)  
  31  2:56  Adept  
  35  3:02  Probe (Chrono Boost)  
  35  3:04  Probe (Chrono Boost)  
  36  3:09  Probe (Chrono Boost)  
  36  3:10  Probe (Chrono Boost)  
  36  3:12  Phoenix (Chrono Boost)  
  40  3:18  Pylon, Probe  
  41  3:21  Probe  
  42  3:29  Phoenix (Chrono Boost)  
  42  3:30  Probe  
  42  3:33  Probe  
  46  3:42  Probe  
  46  3:45  Probe  
  48  3:48  Robotics Facility  
  48  3:50  Assimilator  
  48  3:54  Assimilator  
  48  3:55  Probe  
  49  3:58  Pylon, Probe  
  49  4:00  Phoenix (Chrono Boost)  
  52  4:07  Probe  
  53  4:10  Probe  
  54  4:17  Phoenix (Chrono Boost)  
  54  4:18  Pylon  
  54  4:19  Probe  
  54  4:22  Probe  
  58  4:31  Probe  
  59  4:34  Probe  
  59  4:38  Robotics Bay, Observer (Chrono Boost)  
  61  4:41  Nexus  
  61  4:50  Phoenix  
  63  4:59  Immortal (Chrono Boost)  
  67  5:05  Gateway  
  67  5:06  Gateway  
  67  5:13  Pylon  
  65  5:27  Stalker  
  67  5:29  Colossus (Chrono Boost)  
  67  5:30  Pylon, Probe  
  67  5:31  Probe  
  75  5:41  Shield Battery  
  75  5:42  Extended Thermal Lance  
  75  5:43  Probe x2  
  77  5:52  Stalker  
  77  5:54  Probe  
  77  5:55  Probe  
  77  5:56  Probe  
  82  6:04  Zealot x2  
  82  6:09  Pylon  
  88  6:11  Forge  
  88  6:13  Colossus (Chrono Boost), Twilight Council  
  92  6:19  Probe x2  
  93  6:28  Probe  
  93  6:34  Probe  
  93  6:35  Pylon, Probe  
  93  6:38  Sentry x2  
  99  6:40  Protoss Ground Weapons Level 1 (Chrono Boost)  
  99  6:42  Pylon  
  99  6:43  Pylon, Probe  
  99  6:47  Probe x2  
  102  6:49  Charge  
  102  6:55  Probe  
  102  6:59  Colossus (Chrono Boost), Probe x2  
  102  7:00  Pylon x2  
  105  7:07  Probe  
  112  7:08  Assimilator  
  112  7:09  Assimilator  
  112  7:11  Probe  
  112  7:13  Pylon  
  112  7:20  Probe x2  
  112  7:22  Photon Cannon  
  114  7:23  Probe  
  114  7:28  Templar Archives  
  114  7:29  Gateway  
  115  7:32  Probe  
  115  7:33  Gateway  
  116  7:41  Pylon  
  116  7:44  Nexus  
  116  7:47  Shield Battery  
  116  7:50  Observer (Chrono Boost)  
  117  7:51  Photon Cannon  
  117  7:55  Zealot x3  
  123  7:58  Pylon  
  123  8:00  Photon Cannon  
  123  8:06  Forge  
  123  8:11  Immortal  
  127  8:16  Gateway  
  127  8:17  Gateway  
  127  8:21  Gateway  
  127  8:23  Probe x3  
  130  8:31  Pylon  
  130  8:33  Observer  
  130  8:35  Probe x3  
  130  8:39  Protoss Ground Armor Level 1 (Chrono Boost)  
  131  8:42  Blink  
  131  8:43  Protoss Ground Weapons Level 2 (Chrono Boost)  
  131  8:48  High Templar x4  
  135  8:49  Zealot  
  135  8:54  Archon x2  
  140  9:05  Gateway  
  140  9:07  Gateway, Disruptor (Chrono Boost)  
  140  9:08  Gateway  
  137  9:11  Gateway  
  137  9:12  Robotics Facility  
  137  9:16  High Templar  
  137  9:17  Zealot x2, High Templar  
  148  9:25  Photon Cannon  
  148  9:26  Archon  
  148  9:32  Zealot x4, Disruptor (Chrono Boost), Pylon  
  159  9:42  Photon Cannon  
  159  9:43  Shield Battery  
  153  9:56  Nexus  
  153  9:58  Pylon  
  153  9:59  Disruptor (Chrono Boost)  
  153  10:02  High Templar x2  
  153  10:03  Zealot x6  
  153  10:07  Disruptor (Chrono Boost)  
  172  10:09  Archon  
  175  10:24  Zealot x7  
  175  10:25  Zealot x3  
  175  10:26  Disruptor  
  175  10:28  Probe  
  199  10:34  Probe  
  184  10:39  Zealot x2  
  184  10:42  Pylon  
  178  10:46  Zealot x3  
  178  10:47  Zealot x2  
  182  10:53  Protoss Ground Armor Level 2 (Chrono Boost), Photon Cannon  
  182  10:56  Dark Shrine  
  182  10:57  Protoss Ground Weapons Level 3 (Chrono Boost)  
  178  11:10  Zealot x5, High Templar x2  
  182  11:15  Archon  
  182  11:18  Disruptor  
  182  11:19  Disruptor  
  182  11:24  Gravitic Boosters  
  188  11:31  Photon Cannon  
  188  11:33  Photon Cannon  
  188  11:35  Photon Cannon  
  188  11:37  Shield Battery  
  188  11:39  Pylon  
  179  11:57  Zealot x12  
  189  12:09  Disruptor x2  
  189  12:17  Probe x3  
  189  12:18  Probe  
  193  12:28  Nexus  
  193  12:29  Probe x2  
  196  12:30  Probe  
  196  12:36  High Templar x2  
  200  12:42  Archon  
  200  12:44  Pylon  
  200  12:46  Pylon  
  190  13:15  Shield Battery  
  190  13:16  Shield Battery, Photon Cannon  
  190  13:18  Stalker x5, Shield Battery, Photon Cannon  
  190  13:19  Photon Cannon  
  200  13:20  Photon Cannon  
  200  13:21  Photon Cannon  
  200  13:22  Photon Cannon  
  200  13:24  Assimilator, Photon Cannon  
  200  13:29  Assimilator  
  162  13:49  Zealot x4  
  162  13:50  Zealot x8  
Show
View Real Time Build Order
Export as new Build Order

Cure Terran 

Build Orders:  

Get SALT Encoding   

  12  0:00  SCV  
  13  0:12  SCV  
  14  0:17  Supply Depot  
  14  0:24  SCV  
  14  0:27  Refinery  
  15  0:38  SCV  
  16  0:44  Barracks  
  16  0:50  SCV  
  17  1:03  SCV  
  18  1:07  Engineering Bay  
  18  1:15  SCV  
  19  1:32  Marine, Orbital Command  
  20  1:37  Factory  
  20  1:45  Supply Depot  
  20  1:50  Barracks Reactor  
  20  1:58  SCV  
  21  2:10  SCV  
  22  2:16  Command Center  
  22  2:22  SCV  
  25  2:30  Hellion x2  
  25  2:36  Supply Depot  
  25  2:37  SCV  
  28  2:45  Barracks  
  28  2:49  SCV  
  29  2:55  Marine x2  
  29  2:58  Refinery  
  31  3:01  Widow Mine  
  31  3:03  SCV  
  34  3:14  Marine x2  
  34  3:15  SCV  
  37  3:27  SCV  
  37  3:31  Orbital Command  
  38  3:39  SCV, Marine x2  
  38  3:40  Barracks Tech Lab  
  39  3:44  Starport  
  39  3:45  Factory Reactor  
  37  3:51  SCV  
  38  3:58  Marine x3  
  38  4:00  Stimpack  
  38  4:02  SCV  
  42  4:03  SCV  
  42  4:06  Supply Depot  
  43  4:14  SCV  
  43  4:15  SCV  
  45  4:18  Marine x3  
  48  4:26  Medivac  
  48  4:27  Medivac  
  48  4:28  SCV, Supply Depot  
  48  4:29  SCV  
  54  4:35  Marine  
  54  4:36  Marine x2  
  54  4:37  Widow Mine  
  59  4:39  Supply Depot  
  59  4:43  SCV x2  
  60  4:55  SCV x2, Marine x3  
  60  4:59  Medivac  
  68  5:00  Widow Mine  
  69  5:07  SCV x2  
  69  5:10  Supply Depot, Engineering Bay  
  70  5:16  Barracks, Marine x3  
  73  5:22  SCV x2  
  73  5:23  Factory Tech Lab  
  75  5:29  Supply Depot x2  
  75  5:34  SCV  
  78  5:36  Marine x3  
  78  5:39  Terran Infantry Weapons Level 1  
  78  5:40  Combat Shield  
  78  5:42  Medivac  
  81  5:46  SCV x2  
  81  5:47  Refinery  
  83  5:52  Factory Reactor  
  83  5:54  Marine x3  
  86  5:58  SCV x2  
  88  6:06  Command Center  
  88  6:09  Supply Depot  
  88  6:12  Refinery  
  88  6:13  SCV x2  
  88  6:17  Marine x4  
  94  6:25  SCV  
  94  6:26  SCV  
  94  6:28  Medivac x2  
  95  6:38  SCV x2  
  95  6:42  Concussive Shells  
  95  6:43  Barracks  
  95  6:44  Barracks  
  95  6:49  Marauder  
  95  6:50  Widow Mine x2  
  95  6:53  Marauder  
  95  6:54  Marine, Missile Turret  
  101  6:57  SCV x2  
  104  7:09  SCV x2, Supply Depot  
  104  7:10  Supply Depot  
  110  7:15  Marauder x2  
  110  7:17  Marine x2  
  110  7:18  Orbital Command  
  110  7:22  Medivac  
  114  7:25  Widow Mine  
  114  7:26  SCV  
  114  7:27  SCV  
  118  7:30  Widow Mine  
  118  7:31  Barracks Reactor, Barracks Tech Lab  
  118  7:34  Terran Infantry Armor Level 1  
  120  7:39  SCV x2, Marauder  
  120  7:40  Marine x2  
  126  7:46  SCV  
  126  7:47  Supply Depot x2  
  126  7:48  Widow Mine  
  129  7:53  Widow Mine  
  131  7:59  Armory  
  131  8:00  SCV x3, Engineering Bay  
  134  8:09  Widow Mine  
  134  8:12  Marauder x3, Marine x4  
  144  8:19  Widow Mine  
  148  8:20  Refinery x2  
  148  8:22  Supply Depot  
  148  8:24  Supply Depot  
  148  8:25  SCV  
  148  8:26  SCV x2  
  151  8:30  Widow Mine  
  153  8:38  SCV x3  
  156  8:44  Widow Mine  
  156  8:46  Command Center  
  156  8:47  Terran Infantry Weapons Level 2  
  156  8:51  Medivac x2  
  156  8:52  Widow Mine  
  162  8:57  Marauder, Marine x4  
  165  9:07  Widow Mine  
  165  9:08  Terran Ship Weapons Level 1  
  167  9:10  Starport, Ghost Academy  
  167  9:11  SCV x2  
  167  9:13  SCV  
  170  9:20  Supply Depot  
  170  9:21  Supply Depot x2  
  170  9:22  Missile Turret  
  169  9:24  Missile Turret  
  167  9:32  Marauder  
  167  9:33  Marauder x2  
  167  9:36  Marine  
  167  9:38  SCV  
  173  9:41  Marine x3  
  173  9:44  SCV  
  173  9:45  SCV, Enhanced Shockwaves  
  178  9:50  SCV  
  177  10:02  Ghost x3  
  177  10:03  Viking x3  
  189  10:11  Sensor Tower  
  187  10:15  Marine x4  
  191  10:28  Viking  
  184  10:29  Orbital Command  
  184  10:30  Ghost  
  184  10:31  Marauder, Marine  
  184  10:32  Marine x2  
  184  10:33  Marine  
  161  10:43  Planetary Fortress  
  161  10:49  Marauder  
  159  10:52  Ghost  
  159  10:54  Viking  
  159  10:55  Viking  
  161  10:59  Ghost  
  163  11:07  Marine x4  
  163  11:11  Marauder  
  162  11:13  SCV x3  
  165  11:20  Ghost  
  165  11:21  SCV  
  165  11:23  Missile Turret  
  168  11:28  Marine x4  
  168  11:29  Marauder  
  168  11:30  Medivac  
  168  11:31  Medivac  
  168  11:32  Marauder  
  180  11:33  Terran Infantry Armor Level 2, Missile Turret  
  180  11:41  Refinery  
  180  11:42  Refinery  
  180  11:46  Marine x2  
  180  11:50  Marauder  
  169  11:56  Ghost x2  
  169  11:57  Marine x2  
  171  12:04  Marine  
  166  12:11  Marauder  
  166  12:14  Marine, Orbital Command  
  166  12:15  Marine x2  
  171  12:22  Marine  
  172  12:26  Marauder x2  
  172  12:28  Missile Turret  
  172  12:29  Sensor Tower  
  173  12:32  Marauder, Marine  
  173  12:33  Marine x2  
  178  12:39  Marine  
  179  12:47  Marauder, Marine  
  179  12:50  Marine  
  178  12:54  Marauder  
  178  12:56  Marine  
  148  13:04  Ghost  
  150  13:08  Ghost  
  150  13:09  Marine  
  150  13:11  Medivac  
  155  13:15  Marauder  
  155  13:17  Medivac  
  159  13:33  Marauder  
  152  13:36  Marine x4  
  152  13:37  Marauder  

Tags
 
Add a new tag
Caveats
  • Supply blocks, unpowered buildings, or Contaminate may cause inaccurate times.
  • Supply counts are checked every 10 seconds.